 Dungeon Crawl Stone Soup version 0.30-a0-652-gcc886f7154 (webtiles) character file.

Game seed: 12489100696944619995

1386 wormed the Ducker (level 8, -5/55 HPs)
             Began as an Octopode Warper on Jan 18, 2023.
             Was an Initiate of Gozag.
             Slain by a kobold brigand
             ... wielding a +0 whip
              (10 damage)
             ... on level 6 of the Dungeon.
             The game lasted 00:09:58 (5693 turns).

wormed the Ducker (Octopode Warper)                 Turns: 5693, Time: 00:09:59

Health: -5/55      AC:  1    Str: 10    XL:     8   Next: 67%
Magic:  7/15       EV: 14    Int: 17    God:    Gozag
Gold:   327        SH:  0    Dex: 12    Spells: 11/16 levels left

rFire   + . .      SeeInvis .      - Unarmed
rCold   . . .      Faith    .    (no shield)
rNeg    . . .      Spirit   .    (helmet restricted)
rPois   .          Reflect  .    g - amulet of regeneration
rElec   .          Harm     .    e - ring of protection from fire
rCorr   .          Rampage  .    (no ring)
Will    .....                    (no ring)
Stlth   ++                       (no ring)
HPRegen 1.09/turn                (no ring)
MPRegen 0.14/turn                (no ring)
                                 (no ring)
                                 (no ring)

@: mighty, brilliant, lethally poisoned (-5 -> -6), gold aura, slowed, very slow
A: almost no armour, amphibious, 8 rings, camouflage 1, gelatinous body 1,
(nimble swimmer 1), tentacles
a: Renounce Religion, Potion Petition, Call Merchant, Bribe Branch


You were on level 6 of the Dungeon.
You worshipped Gozag.
Gozag was aware of your devotion.
You visited 2 branches of the dungeon, and saw 7 of its levels.

You collected 404 gold pieces.
You spent 21 gold pieces at shops.
You paid 56 gold pieces to Gozag.

Inventory:

Missiles
 h - 7 poisoned darts
 p - 9 atropa-tipped darts
Jewellery
 c - a ring of fire
 e - a ring of protection from fire (left tentacle)
 g - an amulet of regeneration (around mantle)
Wands
 b - a wand of roots (3) (quivered)
 r - a wand of charming (6)
Scrolls
 a - a scroll of blinking
 d - 4 scrolls of teleportation
 k - 2 scrolls of fear
 m - a scroll of amnesia
 q - a scroll of brand weapon {unknown}
Potions
 f - a potion of haste
 i - 4 potions of magic
 n - a potion of cancellation {unknown}
 o - a potion of brilliance


   Skills:
 + Level 5.1 Fighting
 - Level 1.0 Throwing
 + Level 5.3 Dodging
 + Level 5.0 Unarmed Combat
 + Level 4.8 Spellcasting
 - Level 3.0 Translocations
 * Level 3.4 Air Magic


You had 11 spell levels left.
You knew the following spells:

 Your Spells              Type           Power      Damage    Failure   Level
a - Blink                 Tloc           42%        N/A       6%          2
b - Vhi's Electric Charg  Tloc/Air       44%        N/A       12%         3

Your spell library contained the following spells:

 Spells                   Type           Power      Damage    Failure   Level
 Lesser Beckoning         Tloc           42%        N/A       6%          2
 Momentum Strike          Conj/Tloc      26%        3d8       12%         2
 Teleport Other           Tloc           21%        N/A       13%         3
 Manifold Assault         Tloc           21%        N/A       38%         4
 Arcjolt                  Conj/Air       7%         1d17      89%         5
 Maxwell's Capacitive Co  Air            11%        ∞         100%        8


Dungeon Overview and Level Annotations

Branches:
Dungeon (6/15)             Temple (1/1) D:4

Altars:
Ashenzari
Cheibriados
Dithmenos
Gozag
Kikubaaqudgha
Makhleb
Nemelex Xobeh
Okawaru
Qazlal
Ru
Trog
Uskayaw
Vehumet
Xom
Zin

Shops:
D:3 =*   D:4 (


Innate Abilities, Weirdness & Mutations

You cannot wear most types of armour.
You are amphibious.
You can wear up to eight rings at the same time.
Your skin changes colour to match your surroundings (Stealth+).
Your rubbery body absorbs attacks. (AC +1, EV +1)
((You are camouflaged when in or above water. (Stealth+)))
You have tentacles for arms and can constrict up to eight enemies at once.


Message History

The kobold brigand throws a curare-tipped dart.
The curare-tipped dart closely misses you.
The kobold brigand throws a curare-tipped dart.
The curare-tipped dart hits you.
You are poisoned.
You have difficulty breathing.
You feel as though you will be slow longer.
It was a potion of brilliance.
You feel clever all of a sudden.
You feel very sick.
The kobold brigand throws a curare-tipped dart.
The curare-tipped dart closely misses you.
Casting: Vhi's Electric Charge (dangerous; 12% risk of failure)
Confirm with . or Enter, or press ? or * to list all spells.
You can't see any susceptible monsters within range! (Use Z to cast anyway.)
You feel very sick.
There is a hide-covered altar of Uskayaw here.
Casting: Vhi's Electric Charge (dangerous; 12% risk of failure)
Confirm with . or Enter, or press ? or * to list all spells.
Charge where?
Press: ? - help, Dir - move target, f - kobold
Aim: a kobold, wielding a +0 club (72% to hit)
You feel a surge of power!
You charge forward with an electric crackle!
You barely miss the kobold. You grab the kobold. You squeeze the kobold.
You kill the kobold!
You feel sick.
The kobold brigand hits you with a +0 whip.
* * * LOW HITPOINT WARNING * * *
Casting: Vhi's Electric Charge (dangerous; 12% risk of failure)
Confirm with . or Enter, or press ? or * to list all spells.
You can't see anything to charge at.
It was a potion of might.
You feel very mighty all of a sudden.
You feel sick. The kobold hits you with a +0 dagger.
* * * LOW HITPOINT WARNING * * *
The kobold brigand barely misses you.
The kobold brigand hits you with a +0 whip!
You die...
Your body crumbles into a pile of gold.

.... ...# ######### ....#...#
#########.###..#.....
##.....##...........#
##.....##... ......#
##..°..##... #.....#
##..°..##....#.....# $
##..K..##...##...###
######@####........### .
#.####K####..........# ..
#....$.....##.[.....# ....
#..........##...#...#
.....#...........#.##..####
.......#...#.........#...#...
.......................>.....
......###.....#........#......
....>#####..####..§....##.....


You could see a kobold brigand and a kobold.

Vanquished Creatures
  A water moccasin (D:6)
  5 ogres
  A centaur (D:5)
  A phantom (D:5)
  2 scorpions
  3 howler monkeys
  4 hounds
  3 jellies
  A gnoll bouda (D:4)
  Terence (D:3)
  An orc wizard (D:5)
  3 gnolls (D:4)
  5 adders
  A shadow imp (D:4)
  4 worms
  11 orcs
  3 endoplasms
  3 giant cockroaches
  6 goblins
  6 hobgoblins
  7 jackals (D:3)
  4 quokkas
  10 ball pythons
  6 bats
  7 frilled lizards
  6 kobolds
  6 rats
111 creatures vanquished.

Notes
Turn   | Place    | Note
-------+----------+-------------------------------------------
     0 | D:1      | wormed the Octopode Warper began the quest for the Orb.
     0 | D:1      | Reached XP level 1. HP: 14/14 MP: 3/3
   205 | D:1      | Reached XP level 2. HP: 13/19 MP: 5/5
   808 | D:2      | Found a faded altar of an unknown god.
   816 | D:2      | Reached XP level 3. HP: 25/25 MP: 6/6
   859 | D:2      | Learned a level 2 spell: Blink
  1169 | D:2      | Reached XP level 4. HP: 29/30 MP: 7/7
  1929 | D:3      | Found Wadire's Assorted Antiques.
  1937 | D:3      | Bought a scroll labelled TERORCH KEKK for 21 gold pieces
  2268 | D:3      | Noticed Terence
  2281 | D:3      | Killed Terence
  2282 | D:3      | Reached XP level 5. HP: 22/36 MP: 5/9
  2635 | D:3      | Found Sexeawn's Jewellery Boutique.
  2904 | D:4      | Found Caqut's Firing Range.
  2929 | D:4      | Noticed an ogre
  2929 | D:4      | Noticed an ogre
  3266 | D:4      | Killed an ogre
  3267 | D:4      | Reached XP level 6. HP: 42/42 MP: 10/10
  3446 | D:4      | Reached XP level 7. HP: 17/48 MP: 5/12
  4109 | D:4      | Found a staircase to the Ecumenical Temple.
  4119 | Temple   | Entered the Ecumenical Temple
  4206 | Temple   | Became a worshipper of Gozag Ym Sagoz the Greedy
  4243 | D:5      | Entered Level 5 of the Dungeon
  4380 | D:5      | Reached skill level 1 in Air Magic
  4387 | D:5      | Reached XP level 8. HP: 16/54 MP: 4/14
  4691 | D:5      | Reached skill level 5 in Dodging
  4841 | D:4      | Learned a level 3 spell: Vhi's Electric Charge
  5167 | D:5      | Reached skill level 5 in Fighting
  5347 | D:5      | Reached skill level 5 in Unarmed Combat
  5606 | D:6      | Found a hide-covered altar of Uskayaw.
  5693 | D:6      | Slain by a kobold brigand

Illustrated notes

Levels and vault maps discovered:
D:1:      psy_arrival_radial02, layout_basic
D:2:      layout_loops_ring, nicolae_ecumenical_pavilion, serial_bayou_pond_d
D:3:      layout_basic, serial_shops, shop_fountains, nicolae_shop_waterfront,
          uniq_terence
D:4:      layout_basic, temple_hall, nicolae_shop_firing_range
D:5:      layout_rooms, lemuel_flamethrower_1
D:6:      layout_cave_pools, nicolae_uskayaw_dance_studio,
          mainiacjoe_overflow_alcove_4, mainiacjoe_overflow_brackets,
          nicolae_elyvilon_temple_path
Temple:   nicolae_temple_great_sept

Skill      XL: |  1  2  3  4  5  6  7  8 |
---------------+-------------------------+-----
Dodging        | 3 4 5 |  5.3
Fighting       | 3 4 5 |  5.1
Unarmed Combat | 3 4 5 |  5.0
Spellcasting   | 3 4 |  4.8
Air Magic      | 1 3 |  3.4
Throwing       | |  1.0
Translocations | |  3.0

Action                   |  1- 3 |  4- 6 |  7- 9 || total
-------------------------+-------+-------+-------++-------
Melee: Unarmed           |    81 |   108 |   121 ||   310
       Constrict         |    23 |    25 |    22 ||    70
       Tentacles         |    13 |    24 |    30 ||    67
       Punch             |     4 |     3 |    13 ||    20
Throw: Boomerang         |       |     7 |       ||     7
 Cast: Blink             |       |     1 |     2 ||     3
       Vhi's Electric Ch |       |       |     9 ||     9
Evoke: Wand              |       |    11 |     8 ||    19
  Use: Scroll            |     1 |     7 |     4 ||    12
       Potion            |       |       |     4 ||     4
 Stab: Sleeping          |     4 |     4 |     1 ||     9
Armor: Skin              |     5 |     5 |     4 ||    14
Dodge: Dodged            |    54 |    86 |    95 ||   235

Table legend: (Time is in decaauts)
 A = Elapsed time spent in this place.
 B = Non-inter-level travel time spent in this place.
 C = Inter-level travel time spent in this place.
 D = Time resting spent in this place.
 E = Time spent auto-exploring this place.
 F = Levels seen in this place.
 G = Mean time per level.
                   A        B        C        D        E       F      G
               +--------+--------+--------+--------+--------+-----+--------+
         Total |   5708 |   5402 |    306 |    100 |   4150 |   7 |  815.4 |
       Dungeon |   5609 |   5314 |    295 |    100 |   4087 |   6 |  934.8 |
        Temple |     98 |     87 |     11 |      0 |     63 |   1 |   98.0 |
               +--------+--------+--------+--------+--------+-----+--------+

Top non-repeatable levels by time:
     D:3: 1467 daAuts
     D:4: 1258 daAuts
     D:5: 1126 daAuts
     D:1: 806 daAuts
     D:2: 753 daAuts
     D:6: 196 daAuts
  Temple: 98 daAuts
